 Dungeon Crawl Stone Soup version 0.17-a0-1942-g46ae386 (webtiles) character file.

74 Copingsaw the Insei (level 4, -5/28 HPs)
             Began as an Octopode Transmuter on Sept 30, 2015.
             Was an Initiate of Gozag.
             Killed from afar by a goblin (8 damage)
             ... with a wand of magic darts
             ... on level 2 of the Dungeon.
             The game lasted 00:06:58 (2407 turns).

Copingsaw the Insei (Octopode Transmuter)           Turns: 2407, Time: 00:06:58

Health: -5/28      AC:  1    Str:  9    XL:     4   Next: 30%
Magic:  6/7        EV: 12    Int: 16    God:    Gozag
Gold:   238        SH:  0    Dex: 12    Spells: 3 memorised, 2 levels left

rFire  + . .     SeeInvis .       - Unarmed
rCold  . . .     Clarity  .     (no shield)
rNeg   . . .     SustAt   .     (helmet restricted)
rPois  .         Gourm    .     p - amulet of regeneration
rElec  .         Spirit   .     m - ring of protection from fire
rCorr  .         Warding  .     (no ring)
rMut   .         Stasis   .     (no ring)
MR     .....                    (no ring)
Stlth  +++.......               (no ring)
                                (no ring)
                                (no ring)
                                (no ring)

@: appendage, not resistant to hostile enchantments, fairly stealthy
A: almost no armour, amphibious, 8 rings, constrict 8, tentacle spike 3,
camouflage 1, gelatinous body 1
a: End Transformation, Potion Petition, Call Merchant, Bribe Branch, Renounce
Religion


You were on level 2 of the Dungeon.
You worshipped Gozag.
Gozag was noncommittal.
You were not hungry.
One of your tentacles had a temporary spike.
You visited 1 branch of the dungeon, and saw 2 of its levels.

You collected 297 gold pieces.
You paid 59 gold pieces to Gozag.

Inventory:

Missiles
 a - 32 arrows
 h - 64 stones (quivered)
Jewellery
 m - a ring of protection from fire (left tentacle)
 p - an amulet of regeneration (around mantle)
Scrolls
 e - a scroll of random uselessness {unknown}
 f - a scroll of recharging {unknown}
 i - a scroll of immolation {unknown}
 k - 5 scrolls of identify {unknown}
 n - 3 scrolls of enchant weapon {unknown}
 o - 2 scrolls of remove curse {unknown}
Potions
 d - a potion of curing {unknown}
 g - a potion of haste {unknown}
 l - 2 potions of heal wounds {unknown}
 q - a potion of poison {unknown}
Books
 b - a book of Changes

   Spells                             Type                      Level
   a - Beastly Appendage              Transmutation                1
   b - Sticks to Snakes               Transmutation                2
   c - Spider Form                    Transmutation/Poison         3
   d - Ice Form                       Ice/Transmutation            4
   e - Blade Hands                    Transmutation                5
Comestibles
 c - 4 bread rations
 j - a meat ration


   Skills:
 - Level 1.5 Fighting
 + Level 0.2 Throwing
 + Level 2.2 Dodging
 + Level 0.8 Stealth
 + Level 3.5 Unarmed Combat
 - Level 2.5 Spellcasting
 * Level 2.9 Transmutations


You had 2 spell levels left.
You knew the following spells:

 Your Spells              Type           Power        Failure   Level  Hunger
a - Beastly Appendage     Trmt           ##....       8%          1    #......
b - Sticks to Snakes      Trmt           ##........   10%         2    ##.....
c - Spider Form           Trmt/Pois      #.........   34%         3    ###....


Dungeon Overview and Level Annotations

Branches:
Dungeon (2/15)

Altars:
Gozag
Sif Muna
Lugonu

Portals:
Abyss: D:1


Innate Abilities, Weirdness & Mutations

You cannot wear most types of armour.
You are amphibious.
You can wear up to eight rings at the same time.
You can use your tentacles to constrict eight enemies at once.
Your skin changes colour to match your surroundings (Stealth).
Your rubbery body absorbs attacks (AC +1).
One of your tentacles bears a large vicious spike.


Message History

A goblin comes into view. It is wielding a dagger.
Casting: Beastly Appendage
Confirm with . or Enter, or press ? or * to list all spells.
One of your tentacles grows a vicious spike.
The goblin zaps a wand.
The magic dart hits you!
It is a wand of magic darts.
A kobold comes into view. It is wielding a short sword.
The kobold shouts!
The goblin zaps a wand.
The magic dart hits you!
The goblin zaps a wand.
The magic dart hits you!
There is an open door here.
The goblin zaps a wand.
The magic dart hits you! The kobold closely misses you.
You bludgeon the kobold!
You kill the kobold!
The goblin zaps a wand.
The magic dart hits you!
* * * LOW HITPOINT WARNING * * *
The goblin hits you but does no damage.
You closely miss the goblin. Your grab misses the goblin.
The goblin zaps a wand.
The magic dart hits you!
You die...
Your body crumbles into a pile of gold.

#####.# #..# #. #.....######
######..#### #.######...##
##...#####... #.#
##.....###.....###.... ######'##
#.......#.......#..... #.......#
#.......#.......#..... #.......#
#.......#.......#..... #.......#
#..$.g###.....###....
#.......#####..@# ##...## ##...
#...........##'#######'#######'#
#.......###.....................
######'## #.....................
#.# #..................... #.#
####'#######'#######+#
#.######...## ##...##
#.#..##.....###.....##
#.#..#..[....#.......#


You could see a goblin.

Vanquished Creatures
  A gnoll (D:1)
  2 adders (D:2)
  2 worms (D:2)
  A giant gecko (D:1)
  4 bats (D:1)
  4 giant cockroaches (D:2)
  7 hobgoblins
  6 jackals
  A ball python (D:1)
  2 giant newts (D:1)
  2 goblins (D:1)
  4 kobolds
  5 rats
41 creatures vanquished.

Notes
Turn   | Place    | Note
--------------------------------------------------------------
     0 | D:1      | Copingsaw the Octopode Transmuter began the quest for the Orb.
     0 | D:1      | Reached XP level 1. HP: 13/13 MP: 3/3
    36 | D:1      | Reached XP level 2. HP: 13/18 MP: 3/5
   575 | D:1      | Reached XP level 3. HP: 20/23 MP: 4/6
   582 | D:1      | Learned a level 2 spell: Sticks to Snakes
   586 | D:1      | Learned a level 3 spell: Spider Form
   800 | D:1      | Found a corrupted altar of Lugonu.
   800 | D:1      | Found a one-way gate to the infinite horrors of the Abyss.
   800 | D:1      | Noticed an iron imp
   800 | D:1      | Noticed an iron imp
   800 | D:1      | Noticed a quasit
   801 | D:1      | Noticed an iron imp
   802 | D:1      | Noticed a demonic crawler
   804 | D:1      | Noticed a quasit
   809 | D:1      | Noticed an iron imp
   812 | D:1      | Noticed an iron imp
  1154 | D:2      | Found a deep blue altar of Sif Muna.
  1160 | D:2      | Found an opulent altar of Gozag.
  1232 | D:2      | Became a worshipper of Gozag Ym Sagoz the Greedy
  1533 | D:2      | Reached XP level 4. HP: 10/28 MP: 7/7
  2407 | D:2      | Killed from afar by a goblin

Vault maps used:
D:1:      erik_arrival_cave_to_civilisation, minmay_stone_trees_medium
D:2:      kennysheep_six_static_rooms, grunt_temple_overflow_open, first_bread

Action                   |  1- 3 |  4- 6 || total
-------------------------+-------+-------++-------
Melee: Unarmed           |    65 |    37 ||   102
Throw: Stone             |     3 |       ||     3
 Cast: Beastly Appendage |    21 |    10 ||    31
 Stab: Sleeping          |     1 |     3 ||     4
  Eat: Chunk             |     1 |       ||     1
       Meat ration       |       |     1 ||     1
       Beef jerky        |       |     1 ||     1
